 Dungeon Crawl Stone Soup version 0.28.0-53-g5a82cb258f (webtiles) character file.

Game seed: 12018845582837596269

18 lightspider the Skirmisher (level 2, -7/24 HPs)
             Began as a Demonspawn Fighter on Aug 21, 2022.
             Mangled by Sigmund
             ... wielding a +0 scythe
              (9 damage)
             ... on level 2 of the Dungeon.
             The game lasted 00:04:53 (979 turns).

lightspider the Skirmisher (Demonspawn Fighter)      Turns: 979, Time: 00:04:54

Health: -7/24      AC:  7    Str: 16    XL:     2   Next: 48%
Magic:  2/2        EV:  8    Int:  9    God:
Gold:   21         SH:  4    Dex: 12    Spells: 1/1 levels left

rFire   . . .      SeeInvis .   a - +0 long sword
rCold   . . .      Faith    .   c - +0 buckler
rNeg    . . .      Spirit   .   b - +0 scale mail
rPois   .          Reflect  .   k - +0 helmet
rElec   .          Harm     .   (no cloak)
rCorr   .          Rampage  .   (no gloves)
Will    .....                   (no boots)
Stlth   ..........              (no amulet)
HPRegen 0.08/turn               (no ring)
MPRegen 0.08/turn               (no ring)

@: mighty
A: powered by death 1
a: no special abilities


You were on level 2 of the Dungeon.
You visited 1 branch of the dungeon, and saw 2 of its levels.

You collected 21 gold pieces.

Inventory:

Hand Weapons
 a - a +0 long sword (weapon)
Armour
 b - a +0 scale mail (worn)
 c - a +0 buckler (worn)
 k - a +0 helmet (worn)
Scrolls
 e - a scroll of enchant weapon {unknown}
 f - a scroll of fear {unknown}
 h - a scroll of identify {unknown}
 j - a scroll of teleportation {unknown}
Potions
 g - 2 potions of brilliance {unknown}
 i - a potion of degeneration {unknown}
 l - a potion of haste {unknown}


   Skills:
 + Level 3.3 Fighting
 + Level 2.0 Long Blades
 + Level 2.9 Armour
 - Level 2.8 Shields


You had one spell level left.
You didn't know any spells.
Your spell library contained the following spells:

 Spells                   Type           Power      Damage    Failure   Level
 Gell's Gravitas          Tloc           0%         N/A       99%         3
 Teleport Other           Tloc           0%         N/A       99%         3
 Dispersal                Tloc           0%         N/A       100%        6


Dungeon Overview and Level Annotations

Branches:
Dungeon (2/15)

Altars:

Annotations:
D:2 Sigmund


Innate Abilities, Weirdness & Mutations

You regenerate a little health from kills.


Message History

You open the door.
There is an open door here.
You open the door.
There is an open door here.
Done exploring.
Done exploring.
There is an open door here.
There is a stone staircase leading down here.
You climb downwards.
Found a fizzy golden potion.
There is a stone staircase leading up here.
l - a fizzy golden potion
There is a stone staircase leading up here.
Found 3 large rocks.
Sigmund the Dreaded comes into view.
He is wielding a +0 scythe.
Found a leather armour.
Sigmund shouts!
Sigmund gestures at you while chanting.
You are confused.
You're too confused to move!
Sigmund closely misses you.
You bump into the rock wall.
You bump into the rock wall.
You feel less confused. Sigmund closely misses you.
You closely miss Sigmund.
Sigmund mumbles some strange words.
Sigmund flickers and vanishes!
Deactivating autopickup; reactivate with Ctrl-A.
You barely miss something.
You hear some strange, mumbled words.
Something tries to affect you, but you resist.
You closely miss something. Something hits you.
You hit something. Something hits you.
You barely miss something. Something hits you.
You feel very mighty all of a sudden. Something hits you.
* * * LOW HITPOINT WARNING * * *
You slash something! Something hits you!
You die...

..#............#
.#
........<......#
.#
...##..#.......#
.#
.......#.......#
.# #
.#.....#.#######
.##.#.#
.#..##.#.#
##......#
.#..##.#.#
#...[.#
.........# #{#
##...##### #@#
#...^# #.#
#....##########.#
####............#
##############


There were no monsters in sight!

Vanquished Creatures
  3 hobgoblins (D:1)
  4 kobolds (D:1)
  A quokka (D:1)
  4 ball pythons (D:1)
  2 bats (D:1)
  2 frilled lizards (D:1)
  3 rats (D:1)
19 creatures vanquished.

Notes
Turn   | Place    | Note
-------+----------+-------------------------------------------
     0 | D:1      | lightspider the Demonspawn Fighter began the quest for the
                  | Orb.
     0 | D:1      | Reached XP level 1. HP: 18/18 MP: 1/1
   233 | D:1      | Gained mutation: You regenerate a little health from kills.
                  | [demonic ancestry]
   233 | D:1      | Reached XP level 2. HP: 20/24 MP: 2/2
   541 | D:1      | Found a faded altar of an unknown god.
   966 | D:2      | Noticed Sigmund
   979 | D:2      | Mangled by Sigmund

Illustrated notes

Levels and vault maps discovered:
D:1:      dpeg_arrival_erosion, layout_basic, shapermc_ecumenical_altar_venn
D:2:      layout_loops_cross, uniq_sigmund

Skill      XL: |  1  2 |
---------------+-------+-----
Long Blades    | 2 |  2.0
Fighting       | |  3.3
Armour         | |  2.9
Shields        | |  2.8

Action                   || total
-------------------------++-------
Melee: Long sword        ||    53
  Use: Potion            ||     1
Armor: Scale mail        ||    16
Dodge: Dodged            ||    17
Block: Buckler           ||    15
